Map: Lerilak Crest

Players

jorge

  • Race: Zerg Zerg
  • League: Gold

zelderan - Winner!

  • Race: Zerg Zerg
  • League: Gold

VOD

Have the link to the VOD?

Description

Time

  • Played on: Nov. 22, 2015, 7:06 p.m.
  • Length: 8:30
Show
View Real Time Build Order
Export as new Build Order

jorge Zerg 

Build Orders: Pool First, Zergling Baneling 

Get SALT Encoding   

  12  0:01  Drone  
  13  0:11  Drone  
  14  0:28  Spawning Pool  
  14  0:32  Extractor  
  12  0:36  Drone  
  13  0:44  Overlord  
  13  0:50  Drone  
  14  1:05  Drone  
  15  1:18  Queen  
  15  1:19  Zergling x2  
  18  1:32  Metabolic Boost  
  18  1:35  Zergling x2  
  18  1:36  Zergling x2  
  20  1:54  Baneling Nest  
  19  2:18  Zergling x6  
  22  2:29  Overlord  
  22  2:42  Baneling x3  
  22  2:43  Baneling  
  22  2:49  Zergling x6  
  24  3:09  Zergling x4  
  24  3:19  Baneling  
  24  3:20  Baneling x2  
  24  3:33  Hatchery  
  23  3:36  Zergling x6  
  24  3:50  Baneling x2  
  23  4:03  Zergling x4  
  23  4:04  Zergling x2  
  19  4:29  Queen  
  21  4:38  Zergling x6  
  24  4:46  Baneling x3  
  24  4:49  Drone  
  22  5:10  Zergling x2  
  22  5:11  Zergling x6  
  26  5:18  Zergling x4  
  28  5:23  Baneling x3  
  28  5:41  Baneling  
  22  5:44  Drone x3  
  22  5:50  Drone  
  16  6:03  Drone  
  17  6:10  Zergling x4  
  19  6:14  Baneling  
  19  6:15  Baneling  
  19  6:26  Drone x2  
  21  6:40  Drone x3  
  23  6:57  Zergling x4  
  23  6:58  Zergling x4  
  25  7:01  Drone  
  26  7:08  Queen  
  28  7:17  Baneling x3  
  28  7:18  Baneling  
  28  7:21  Zergling x4  
  30  7:28  Baneling  
  18  7:45  Zergling x12  
Show
View Real Time Build Order
Export as new Build Order

zelderan Zerg - Winner!

Build Orders: Hatch First 

Get SALT Encoding   

  12  0:00  Drone  
  13  0:12  Overlord  
  13  0:17  Drone  
  14  0:32  Drone x2  
  16  0:37  Drone  
  17  0:53  Hatchery  
  16  0:58  Drone x2  
  18  1:04  Extractor  
  17  1:16  Spawning Pool  
  16  1:19  Drone  
  16  1:24  Drone  
  18  1:28  Drone  
  19  1:40  Overlord  
  19  2:06  Queen, Zergling x4  
  23  2:09  Metabolic Boost  
  23  2:11  Zergling x4  
  24  2:21  Queen  
  26  2:23  Drone  
  27  2:34  Zergling x4  
  27  2:36  Spine Crawler  
  28  2:44  Zergling x6  
  28  2:48  Zergling x2  
  32  2:54  Zergling x2  
  27  3:09  Zergling x6  
  26  3:16  Zergling x6  
  29  3:20  Baneling Nest  
  29  3:22  Zergling x4  
  30  3:35  Zergling x8  
  31  3:55  Zergling x10  
  35  4:09  Zergling x2  
  30  4:26  Baneling x3  
  30  4:28  Zergling x4  
  30  4:29  Zergling x4  
  30  4:31  Drone  
  35  4:41  Zergling x2  
  32  5:08  Zergling x6  
  32  5:11  Baneling  
  32  5:12  Baneling  
  29  5:48  Zergling x2  
  29  5:49  Zergling x16  
  25  5:57  Zergling x2  
  25  5:58  Zergling x2  
  25  6:02  Zergling x4  
  25  6:03  Zergling x4  
  31  6:15  Drone x2  
  33  6:18  Drone  
  33  6:21  Baneling x3  
  33  6:23  Baneling  
  33  6:24  Baneling  
  33  6:25  Zergling x2  
  35  6:54  Queen  
  35  6:58  Drone x3  
  35  7:01  Overlord  
  27  7:46  Zergling x8  
  27  7:49  Zergling x8  
  34  7:59  Zergling x2  
  34  8:00  Baneling x2, Zergling x6  
  34  8:02  Zergling x2  
Tags
 
Add a new tag
Caveats
  • Supply blocks, unpowered buildings, or Contaminate may cause inaccurate times.
  • Supply counts are checked every 10 seconds.